Map: World of Sleepers LE

Players

iGiAsonu - Winner!

  • Race: Zerg Zerg
  • Spawn Location: 1:00

Kas

  • Race: Terran Terran
  • Spawn Location: 7:00

Event: NationWars 2019

VOD

Have the link to the VOD?

Description

Time

  • Played on: Oct. 3, 2019, 1:05 p.m.
  • Length: 7:03
Show
View Real Time Build Order
Export as new Build Order

iGiAsonu Zerg - Winner!

Build Orders: Hatch First 

Get SALT Encoding   

  12  0:01  Drone  
  13  0:13  Overlord  
  13  0:17  Drone  
  14  0:32  Drone x2  
  16  0:49  Hatchery  
  15  0:51  Drone  
  15  0:54  Drone  
  17  0:57  Drone  
  18  1:09  Extractor  
  17  1:13  Spawning Pool  
  17  1:16  Drone  
  17  1:19  Drone  
  18  1:30  Drone  
  19  1:42  Drone  
  20  1:51  Drone  
  21  2:00  Queen  
  21  2:01  Queen  
  23  2:02  Zergling x4  
  27  2:19  Metabolic Boost  
  27  2:20  Hatchery  
  26  2:25  Overlord  
  26  2:27  Drone  
  27  2:31  Drone  
  28  2:42  Queen  
  30  2:44  Drone x2  
  30  2:49  Drone  
  30  2:50  Drone  
  34  2:55  Overlord  
  34  2:57  Drone  
  35  3:00  Drone  
  36  3:16  Drone  
  36  3:17  Drone x4  
  40  3:21  Drone  
  41  3:30  Drone  
  42  3:35  Drone  
  42  3:37  Extractor  
  42  3:38  Roach Warren  
  42  3:39  Extractor  
  42  3:40  Drone x2  
  42  3:42  Overlord  
  42  3:44  Drone x4  
  46  3:50  Drone  
  46  3:52  Drone x3  
  50  3:56  Overlord  
  50  4:03  Zergling x4  
  50  4:08  Overlord  
  50  4:09  Overlord  
  52  4:17  Zergling x10  
  52  4:23  Overlord  
  57  4:28  Roach x4  
  65  4:33  Roach  
  65  4:36  Roach  
  68  4:48  Roach x7  
  68  4:52  Overlord  
  80  4:58  Zergling x2  
  81  5:00  Overlord x2  
  81  5:04  Overlord  
  81  5:06  Overlord  
  81  5:13  Ravager x4  
  85  5:15  Zergling x8  
  88  5:21  Ravager  
  88  5:25  Zergling x12  
  94  5:32  Ravager  
  94  5:34  Zergling x8  
  98  5:37  Ravager  
  98  5:38  Ravager  
  99  5:45  Zergling x16  
  99  5:50  Ravager  
  99  5:53  Zergling x2  
  100  6:02  Zergling x8  
  100  6:04  Ravager  
  102  6:05  Zergling x4  
  102  6:10  Ravager  
  105  6:14  Zergling x14  
  109  6:23  Zergling x4  
  97  6:27  Zergling x2  
  90  6:34  Zergling x4  
  90  6:36  Zergling x6  
  93  6:41  Zergling x2  
Show
View Real Time Build Order
Export as new Build Order

Kas Terran 

Build Orders: Reaper Expand 

Get SALT Encoding   

  12  0:01  SCV  
  13  0:13  SCV  
  14  0:17  Supply Depot  
  14  0:25  SCV  
  15  0:39  SCV  
  15  0:40  Barracks  
  16  0:44  Refinery  
  16  0:51  SCV  
  17  1:03  SCV  
  18  1:15  SCV  
  19  1:29  Orbital Command, Reaper  
  20  1:38  Command Center  
  20  1:51  Supply Depot  
  20  1:55  SCV  
  20  2:00  Marine  
  22  2:07  SCV  
  23  2:10  Factory  
  23  2:12  Refinery  
  23  2:19  SCV  
  24  2:23  Barracks Reactor  
  24  2:31  SCV  
  25  2:43  SCV  
  26  2:50  Orbital Command  
  26  2:55  SCV  
  26  2:57  Starport  
  27  3:07  SCV, Hellion x2  
  27  3:12  Barracks Tech Lab  
  32  3:18  SCV  
  34  3:20  SCV  
  34  3:28  Supply Depot  
  34  3:30  SCV, Hellion x2  
  34  3:32  SCV  
  34  3:33  Viking  
  42  3:41  Stimpack, Marine  
  43  3:42  SCV  
  43  3:44  SCV  
  45  3:54  SCV  
  46  3:56  SCV  
  46  3:57  Supply Depot  
  46  3:58  Factory Tech Lab, Marine  
  46  4:00  Barracks  
  48  4:09  SCV  
  49  4:11  SCV  
  49  4:13  Starport Reactor  
  49  4:15  Barracks  
  49  4:16  Marine  
  51  4:17  Siege Tank  
  51  4:21  Engineering Bay  
  51  4:22  SCV  
  55  4:27  SCV, Supply Depot  
  55  4:30  Refinery  
  56  4:34  SCV, Marine  
  58  4:39  SCV  
  59  4:47  SCV  
  59  4:48  Supply Depot  
  59  4:52  Marine  
  58  4:54  SCV, Marine x2  
  58  4:56  Siege Tank  
  64  5:02  Starport Reactor  
  64  5:05  SCV  
  65  5:10  Marine  
  65  5:12  Marine  
  65  5:13  Marine x2  
  69  5:15  Marine  
  70  5:24  Combat Shield  
  70  5:27  SCV  
  70  5:28  Marine  
  68  5:29  Marine  
  68  5:31  Marine x2  
  68  5:33  Marine  
  70  5:40  Supply Depot  
  70  5:41  Supply Depot  
  70  5:42  Supply Depot  
  69  5:44  Medivac  
  69  5:46  Siege Tank  
  69  5:47  Supply Depot  
  69  5:48  Marine  
  70  5:59  Marine  
  70  6:01  Medivac, Marine x3  
  75  6:06  Marine  
  75  6:07  SCV, Supply Depot  
  75  6:08  SCV  
  75  6:09  Supply Depot x2  
  74  6:17  Engineering Bay, Marine  
  75  6:18  Engineering Bay  
  51  6:27  Marine x4  
  43  6:35  Marine  
  42  6:45  Marine x2  
Tags
 
Add a new tag
Caveats
  • Supply blocks, unpowered buildings, or Contaminate may cause inaccurate times.
  • Supply counts are checked every 10 seconds.